 Dungeon Crawl Stone Soup version 0.29.1-2-gbd0b4ee654 (webtiles) character file.

Game seed: 9236052427293127267

13772 nshep25 the Cruncher (level 11, -1/84 HPs)
             Began as a Demonspawn Gladiator on Nov 3, 2022.
             Slain by an orc warrior
             ... wielding a +0 war axe
              (3 damage)
             ... on level 1 of the Orcish Mines.
             The game lasted 00:41:02 (18428 turns).

nshep25 the Cruncher (Demonspawn Gladiator)        Turns: 18428, Time: 00:41:03

Health: -1/84      AC: 18    Str: 28    XL:     11   Next: 80%
Magic:  0/22       EV: 13    Int: 13    God:
Gold:   1293       SH:  0    Dex: 16    Spells: 21/25 levels left

rFire   . . .      SeeInvis +   a - +0 quarterstaff
rCold   . . .      Faith    .   (shield currently unavailable)
rNeg    + . .      Spirit   +   q - +4 scale mail "Eroe" {rN+ Str+8}
rPois   .          Reflect  .   c - +0 helmet
rElec   .          Harm     .   f - +0 cloak
rCorr   .          Rampage  .   (no gloves)
Will    .....                   s - +0 pair of boots
Stlth   +.........              h - amulet of guardian spirit
HPRegen 0.24/turn               x - ring of see invisible
MPRegen 0.18/turn               y - +6 ring of strength

@: slowed, very slow
A: molten scales 1, powered by pain 1, demonic magic 3, demonic touch 2
a: no special abilities


You were on level 1 of the Orcish Mines.
You visited 4 branches of the dungeon, and saw 14 of its levels.
You also visited: Sewer.

You collected 1293 gold pieces.

Inventory:

Hand Weapons
 a - a +0 quarterstaff (weapon)
Missiles
 d - 3 throwing nets
 e - 6 javelins (quivered)
Armour
 b - a +0 leather armour
 c - a +0 helmet (worn)
 f - a +0 cloak (worn)
 q - the +4 scale mail "Eroe" (worn) {rN+ Str+8}
   (You found it on level 2 of the Dungeon)

   Str:       It affects your strength (+8).
   rN:        It protects you from negative energy.
 s - a +0 pair of boots (worn)
 S - a +0 troll leather armour
Jewellery
 h - an amulet of guardian spirit (around neck)
 w - an amulet of regeneration
 x - a ring of see invisible (left hand)
 y - a +6 ring of strength (right hand)
 D - a ring of protection from cold
 P - a ring of ice
 Q - a ring of resist corrosion
Wands
 F - a wand of quicksilver (5)
 K - a wand of iceblast (21)
 N - a wand of digging (7)
 O - a wand of polymorph (6)
 T - a wand of flame (9)
Scrolls
 i - 2 scrolls of immolation
 j - 12 scrolls of identify
 p - 5 scrolls of teleportation
 v - 4 scrolls of enchant weapon {unknown}
 B - 2 scrolls of fear {unknown}
 C - a scroll of brand weapon {unknown}
 E - a scroll of summoning {unknown}
 G - 2 scrolls of blinking {unknown}
 H - a scroll of noise {unknown}
 I - 3 scrolls of amnesia {unknown}
 M - a scroll of acquirement {unknown}
 R - a scroll of magic mapping
Potions
 g - 2 potions of might {unknown}
 k - 2 potions of heal wounds {unknown}
 l - 6 potions of flight
 m - 2 potions of mutation
 n - 2 potions of haste {unknown}
 o - a potion of lignification {unknown}
 t - 3 potions of cancellation {unknown}
 u - 3 potions of attraction
 z - a potion of berserk rage {unknown}
 A - 2 potions of curing {unknown}
 J - 2 potions of magic {unknown}
 L - 2 potions of ambrosia {unknown}


   Skills:
 + Level 7.5 Fighting
 + Level 11.3 Staves
 - Level 2.0 Throwing
 + Level 7.5 Armour
 + Level 5.8 Dodging
 + Level 1.5 Stealth
 * Level 7.5 Spellcasting
 * Level 1.5 Evocations


You had 21 spell levels left.
You knew the following spells:

 Your Spells              Type           Power      Damage    Failure   Level
a - Airstrike             Air            2%         2d(1-17)  96%         4

Your spell library contained the following spells:

 Spells                   Type           Power      Damage    Failure   Level
 Summon Lightning Spire   Summ/Air       4%         N/A       96%         4
 Lightning Bolt           Conj/Air       2%         1d13      100%        5


Dungeon Overview and Level Annotations

Branches:
Dungeon (10/15)            Temple (1/1) D:5            Lair (1/5) D:8
    Orc (2/2) D:10            Elf (0/3) Orc:2         Sewer (visited)

Altars:
Ashenzari
Cheibriados
Dithmenos
Fedhas
Gozag
Hepliaklqana
Kikubaaqudgha
Makhleb
Nemelex Xobeh
Okawaru
Qazlal
Ru
Sif Muna
Trog
Uskayaw
Vehumet
Wu Jian
Xom
Yredelemnul

Shops:
D:3 (   D:7 ?

Annotations:
D:8 1 runed translucent door, erofeev's ghost, novice MiFi


Innate Abilities, Weirdness & Mutations

You are partially covered in molten scales. (AC +2)
You sometimes gain a little power by taking damage.
Spells you cast and wands you use may paralyse nearby enemies.
Your touch may inflict irresistible damage on your foes.


Message History

You hit the torpor snail but do no damage.
The torpor snail bites you.
* * * LOW HITPOINT WARNING * * *
Being near the torpor snail leaves you feeling lethargic.
You hit the torpor snail but do no damage.
The torpor snail bites you!
* * * LOW HITPOINT WARNING * * *
You thump the torpor snail!
The torpor snail is lightly wounded.
You hit the torpor snail.
The torpor snail is lightly wounded.
The orc warrior is no longer paralysed.
The torpor snail completely misses you.
The orc warrior hits you with a +0 war axe.
* * * LOW HITPOINT WARNING * * *
You hit the torpor snail.
The torpor snail is moderately wounded.
The orc warrior hits you with a +0 war axe!
* * * LOW HITPOINT WARNING * * *
The torpor snail closely misses you.
The orc warrior attacks as you move away!
The orc warrior closely misses you.
Items here: )) [[.
You hit the orc warrior.
The orc warrior is lightly wounded.
The orc warrior no longer looks unusually strong.
The orc warrior misses you.
You sock the orc warrior!
The orc warrior is heavily wounded.
The orc warrior completely misses you. The torpor snail bites you.
* * * LOW HITPOINT WARNING * * *
You barely miss the orc warrior.
The orc warrior is heavily wounded.
The orc warrior closely misses you.
The torpor snail bites you but does no damage.
The orc warrior hits you but does no damage.
You thump the orc warrior!
The orc warrior is severely wounded.
The torpor snail misses you.
The orc warrior hits you with a +0 war axe.
You die...

#.....[[.....................#
##....)................##.....
#...........#..........###...#
##..#..............#....##....#
#...#................#.##.#..##
##.#...................#...####
#............))...........##
##.#.........)ow....#....#.##
##......#.....[@.............##
#.........................#...#
##..#...#.............#....#.##
###.................##.#..###
##.....#.........#.......#
##......#....[............#
#.......#.................#
##.............).....#.#.##
###.......#....[).....#...##


You could see a torpor snail and an orc warrior.

Vanquished Creatures
  2 two-headed ogres
  An orc knight (Orc:1)
  An orc sorcerer (Orc:2)
  A gargoyle (D:8)
  Maggie (D:6)
  An unseen horror skeleton (D:6)
  The ghost of warriortoast the Digger, a novice GrEE of Cheibriados (D:6)
  3 trolls
  Grinder (D:3)
  Prince Ribbit (D:6)
  A wraith (D:10)
  17 yaks
  A steam dragon (D:8)
  3 wargs
  2 water moccasins
  Edmund (D:6)
  21 orc warriors
  3 sky beasts
  Pargi (D:3)
  2 ogres
  2 centaurs
  A kobold brigand (D:8)
  6 bullfrogs
  2 gnoll sergeants
  5 scorpions
  3 wights (D:6)
  16 killer bees
  6 howler monkeys
  A centaur zombie (D:6)
  2 hounds
  A jelly (D:5)
  2 gnoll boudas
  12 orc priests
  5 iguanas
  A merfolk siren (Sewer)
  14 orc wizards
  Natasha (D:2)
  A merfolk avatar (Sewer)
  A centaur simulacrum (D:6)
  A spectral howler monkey (D:6)
  17 gnolls
  2 river rats (Sewer)
  9 adders
  A shadow imp (D:6)
  3 white imps
  4 worms
  4 dart slugs
  61 orcs
  14 ball pythons
  8 bats
  4 endoplasms
  15 giant cockroaches
  12 goblins
  9 hobgoblins
  2 jackals (D:3)
  4 quokkas
  5 frilled lizards
  10 kobolds
  22 rats
354 creatures vanquished.

Vanquished Creatures (others)
  An ogre (D:6)
  A fungus (D:8)
2 creatures vanquished.

Grand Total: 356 creatures vanquished

Notes
Turn   | Place    | Note
-------+----------+-------------------------------------------
     0 | D:1      | nshep25 the Demonspawn Gladiator began the quest for the
                  | Orb.
     0 | D:1      | Reached XP level 1. HP: 16/16 MP: 1/1
   263 | D:1      | Gained mutation: Spells you cast may paralyse adjacent
                  | enemies. [demonic ancestry]
   263 | D:1      | Reached XP level 2. HP: 22/22 MP: 2/2
   339 | D:1      | Found a faded altar of an unknown god.
   568 | D:1      | Reached skill level 3 in Staves
   635 | D:1      | Gained mutation: You are partially covered in molten
                  | scales. (AC +2) [demonic ancestry]
   635 | D:1      | Reached XP level 3. HP: 27/27 MP: 3/3
  1481 | D:2      | Found a hazy altar of Hepliaklqana.
  1557 | D:2      | Reached XP level 4. HP: 27/34 MP: 3/5
  1969 | D:2      | Identified the +4 scale mail "Eroe" {rN+ Str+8}
  2056 | D:2      | Noticed Natasha
  2066 | D:2      | Killed Natasha
  2067 | D:2      | Reached skill level 1 in Armour
  2067 | D:2      | Reached skill level 1 in Spellcasting
  4059 | D:3      | Found a glowing drain.
  4109 | Sewer    | Entered a sewer
  4263 | Sewer    | Gained mutation: Your touch may inflict minor irresistible
                  | damage on your foes. [demonic ancestry]
  4263 | Sewer    | Reached XP level 5. HP: 39/39 MP: 6/6
  4292 | Sewer    | Reached skill level 4 in Staves
  5075 | D:3      | Noticed Pargi
  5093 | D:3      | Killed Pargi
  5094 | D:3      | Reached XP level 6. HP: 34/47 MP: 6/8
  5094 | D:3      | Found Uvuyru's Weapon Shop.
  5185 | D:3      | Noticed Grinder
  5188 | D:3      | Paralysed by Grinder for 3 turns
  5202 | D:3      | Killed Grinder
  5203 | D:3      | Reached skill level 5 in Staves
  5203 | D:3      | Reached XP level 7. HP: 38/52 MP: 7/10
  5391 | D:3      | Found an ancient bone altar of Kikubaaqudgha.
  5391 | D:3      | Found a snail-covered altar of Cheibriados.
  5734 | D:3      | You fall into a shaft and drop 3 floors!
  5789 | D:6      | Noticed Edmund
  5790 | D:6      | Noticed Prince Ribbit
  5795 | D:6      | Found a runed translucent gate.
  5795 | D:6      | Found a runed translucent gate.
  5795 | D:6      | Found a runed translucent gate.
  6030 | D:6      | Found a blossoming altar of Fedhas.
  6236 | D:6      | Killed Prince Ribbit
  6237 | D:6      | Reached skill level 6 in Staves
  6237 | D:6      | Gained mutation: Spells you cast may paralyse nearby
                  | enemies. [demonic ancestry]
  6237 | D:6      | Reached XP level 8. HP: 47/60 MP: 10/12
  6515 | D:6      | Noticed warriortoast's ghost (novice GrEE)
  6640 | D:6      | Reached skill level 7 in Staves
  6719 | D:5      | Entered Level 5 of the Dungeon
  7679 | D:4      | Gained mutation: Your touch may inflict irresistible damage
                  | on your foes. [demonic ancestry]
  7679 | D:4      | Reached XP level 9. HP: 67/67 MP: 15/15
  8045 | D:5      | Reached skill level 5 in Fighting
  8106 | D:5      | Found a staircase to the Ecumenical Temple.
  8112 | Temple   | Entered the Ecumenical Temple
  8311 | D:6      | Killed Edmund
  8725 | D:6      | Noticed Maggie
  8742 | D:6      | Killed Maggie
  8743 | D:6      | Reached skill level 8 in Staves
  8743 | D:6      | Reached skill level 1 in Stealth
  9066 | D:6      | Found a basalt altar of Yredelemnul.
  9076 | D:6      | Learned a level 4 spell: Airstrike
  9159 | D:6      | Killed warriortoast's ghost
  9160 | D:6      | Reached skill level 5 in Spellcasting
  9528 | D:7      | Reached skill level 9 in Staves
  9798 | D:7      | Found Ukatub's Magic Scroll Boutique.
 10248 | D:7      | Gained mutation: You sometimes gain a little power by
                  | taking damage. [demonic ancestry]
 10248 | D:7      | Reached XP level 10. HP: 44/75 MP: 11/18
 10577 | D:8      | Reached skill level 5 in Armour
 10604 | D:8      | Found an opulent altar of Gozag.
 10604 | D:8      | Noticed a gargoyle
 10616 | D:8      | Killed a gargoyle
 11089 | D:8      | Found a staircase to the Lair.
 11276 | D:8      | Found a runed translucent door.
 11276 | D:8      | Found a shimmering altar of Xom.
 11276 | D:8      | Noticed erofeev's ghost (novice MiFi)
 11276 | D:8      | Noticed a +0 war axe of chaos
 11685 | D:8      | Found a hide-covered altar of Uskayaw.
 11875 | Lair:1   | Entered Level 1 of the Lair of Beasts
 11875 | Lair:1   | Noticed a cane toad
 11925 | D:9      | Noticed a two-headed ogre
 11934 | D:9      | Killed a two-headed ogre
 11935 | D:9      | Reached skill level 5 in Dodging
 12154 | D:9      | Reached skill level 10 in Staves
 12513 | D:9      | Identified the +8 plate armour of Foolhardiness {rElec rN+
                  | Int+4}
 12914 | D:10     | Entered Level 10 of the Dungeon
 13063 | D:10     | Gained mutation: Spells you cast and wands you use may
                  | paralyse nearby enemies. [demonic ancestry]
 13063 | D:10     | Reached XP level 11. HP: 74/83 MP: 17/20
 13898 | D:10     | Found a sparkling altar of Nemelex Xobeh.
 13948 | D:10     | Found a staircase to the Orcish Mines.
 14207 | Orc:1    | Entered Level 1 of the Orcish Mines
 14563 | Orc:1    | HP: 4/83 [orc warrior/+0 long sword (6)]
 15305 | Orc:2    | Entered Level 2 of the Orcish Mines
 15480 | Orc:2    | Found a staircase to the Elven Halls.
 15485 | Orc:1    | Noticed an orc knight
 15506 | Orc:2    | Reached skill level 11 in Staves
 15676 | Orc:1    | Noticed an orc sorcerer
 15840 | Orc:2    | Noticed a two-headed ogre
 15993 | Orc:2    | Killed a two-headed ogre
 17130 | Orc:2    | Paralysed by an orc sorcerer for 4 turns
 17135 | Orc:2    | Killed an orc sorcerer
 17367 | Orc:1    | Noticed an orc knight
 17367 | Orc:1    | Noticed an orc knight
 17888 | Orc:1    | Killed an orc knight
 17889 | Orc:1    | Reached skill level 1 in Evocations
 18060 | Orc:2    | Noticed an orc knight
 18212 | Orc:2    | Noticed an orc knight
 18418 | Orc:1    | an orc knight changed into a torpor snail
 18423 | Orc:1    | HP: 2/84 [orc warrior/+0 war axe (8)]
 18428 | Orc:1    | Slain by an orc warrior

Illustrated notes

Levels and vault maps discovered:
D:1:      dpeg_arrival_morbid_curiosity, layout_rooms,
          hellmonk_ecumenical_altar_heavens_door
D:2:      minmay_roachtagon, layout_basic, basic_altar, uniq_natasha
D:3:      layout_basic, gammafunk_temple_overflow_pools,
          cheibrodos_sewer_entry_sluice, serial_shops,
          nicolae_shop_bloodbath_and_beyond, hangedman_decor_opposing,
          uniq_grinder, uniq_pargi
D:4:      layout_basic, serial_curves, eino_curves_03, eino_curves_02
D:5:      layout_basic, elyvilon_altar_1, minmay_temple_entry_fiery
D:6:      layout_loops_ring, lemuel_coloured_pillars_altar,
          lemuel_crystal_altar, gammafunk_ghost_necromancy, grunt_ministairs_14,
          st_stairs_10, uniq_edmund, uniq_prince_ribbit1, uniq_maggie
D:7:      layout_basic, serial_shops, kennysheep_mini_moat, serial_curves,
          eino_curves_04, eino_curves_04, eino_curves_03, eino_curves_03
D:8:      layout_basic, nicolae_overflow_crystal_walls,
          nicolae_uskayaw_dance_hall, dpeg_oklobed_lair, ebering_ghost_xom
D:9:      layout_roguey
D:10:     layout_roguey, nemelex_spade_bored_becter, orc_0_dummy
Temple:   nicolae_temple_great_sept
Lair:1:   layout_gridlike, serial_bayou, serial_bayou_pond_c,
          serial_bayou_shore_a, serial_bayou_pond_d, serial_bayou_pond_a,
          serial_bayou_shore_b, serial_bayou_crossing, gammafunk_ghost_split
Orc:1:    layout_caves, basic_altar, uniq_nergalle
Orc:2:    st_orc_town, layout_caves, basic_altar

Skill      XL: |  1  2  3  4  5  6  7  8  9 10 11 |
---------------+----------------------------------+-----
Throwing       | 2 |  2.0
Staves         | 3 4 5 6 7 9 10 11 | 11.3
Dodging        | 3 4 5 |  5.8
Armour         | 1 2 3 4 6 7 |  7.5
Spellcasting   | 1 2 3 4 5 6 7 |  7.5
Fighting       | 3 4 5 6 7 |  7.5
Stealth        | 1 |  1.5
Evocations     | 1 |  1.5

Action                   |  1- 3 |  4- 6 |  7- 9 | 10-12 || total
-------------------------+-------+-------+-------+-------++-------
Melee: Quarterstaff      |   157 |   198 |   485 |   799 ||  1639
Throw: Javelin           |       |       |       |     4 ||     4
Evoke: Wand              |       |       |       |    18 ||    18
  Use: Scroll            |       |     7 |     2 |       ||     9
 Stab: Paralysed         |       |       |       |     2 ||     2
Armor: Leather armour    |    71 |     4 |       |       ||    75
       Scale mail        |       |   110 |   208 |   327 ||   645
Dodge: Dodged            |   113 |   139 |   290 |   501 ||  1043
